 Dungeon Crawl Stone Soup version 0.29.0-4-gdea44cf6ec (webtiles) character file.

Game seed: 9064427777726118999

205 qw the Chopper (level 5, -1/30 HPs)
             Began as a Tengu Warper on Aug 28, 2022.
             Slain by Duvessa
             ... wielding a +1 short sword of electrocution
              (14 damage)
             ... on level 4 of the Dungeon.
             The game lasted 00:00:20 (3962 turns).

qw the Chopper (Tengu Warper)                       Turns: 3962, Time: 00:00:21

Health: -1/30      AC: 10    Str: 13    XL:     5   Next: 83%
Magic:  0/9        EV:  4    Int: 13    God:
Gold:   147        SH:  0    Dex: 14    Spells: 8/8 levels left

rFire   + . .      SeeInvis .   f - +0 war axe
rCold   + . .      Faith    .   (no shield)
rNeg    . . .      Spirit   +   k - +0 plate armour
rPois   .          Reflect  .   (helmet restricted)
rElec   .          Harm     .   (no cloak)
rCorr   .          Rampage  .   (no gloves)
Will    +....                   (boots unavailable)
Stlth   ..........              m - amulet of guardian spirit
HPRegen 0.10/turn               a - ring of willpower
MPRegen 0.11/turn               (no ring)

@: flying quickly and evasively, quick
A: beak, talons 3, nimble flight, cold resistance 1, fire resistance 1
a: no special abilities


You were on level 4 of the Dungeon.
You visited 1 branch of the dungeon, and saw 4 of its levels.

You collected 147 gold pieces.


Innate Abilities, Weirdness & Mutations

You have a beak for a mouth.
You have claws for feet.
Your magical nature lets you fly swiftly and evasively.
Your flesh is cold resistant. (rC+)
Your flesh is heat resistant. (rF+)


   Skills:
 - Level 2.0 Fighting
 + Level 6.1 Axes
 - Level 1.0 Throwing
 - Level 2.1 Armour
 - Level 2.1 Dodging
 - Level 2.0 Spellcasting
 - Level 2.4 Translocations


You had 8 spell levels left.
You didn't know any spells.
Your spell library contained the following spells:

 Spells                   Type           Power      Damage    Failure   Level
 Blink                    Tloc           14%        N/A       100%        2
 Gell's Gravitas          Tloc           7%         N/A       100%        3
 Lesser Beckoning         Tloc           7%         N/A       100%        3
 Teleport Other           Tloc           7%         N/A       100%        3
 Manifold Assault         Tloc           7%         N/A       100%        5

Inventory:

Hand Weapons
 b - a +0 flail
 f - a +0 war axe (weapon)
Armour
 k - a +0 plate armour (worn)
Jewellery
 a - a ring of willpower (left hand)
 m - an amulet of guardian spirit (around neck)
Scrolls
 i - a scroll of identify
Potions
 c - a potion of attraction {unknown}
 e - a potion of curing {unknown}
 g - a potion of brilliance {unknown}
 h - a potion of haste {unknown}
 j - 2 potions of heal wounds
 n - 2 potions of mutation
 o - a potion of cancellation {unknown}

Dungeon Overview and Level Annotations

Branches:
Dungeon (4/15)
 Temple: D:4-7

Altars:
Nemelex Xobeh

Annotations:
D:4 Dowan, Duvessa


Message History

Magic restored.
You start resting.
You are no longer corroded.
HP restored.
(D) Dungeon
Where to? (* - list waypoints, Enter - D:4, ? - help)
What level of the Dungeon? (default 1, ? - help)
You fly downwards.
There is a stone staircase leading up here.
Found a stone staircase leading down.
Found a stone staircase leading up.
There is a stone staircase leading down here.
Duvessa, Sister of Dowan comes into view.
She is wielding a +1 short sword of electrocution.
Duvessa shouts!
Dowan, Brother of Duvessa comes into view.
He is wielding a +0 dagger.
Found a stone staircase leading down.
Duvessa hits you with a +1 short sword of electrocution.
You barely miss Duvessa. You claw Duvessa, but do no damage.
Duvessa hits you with a +1 short sword of electrocution!
You hit Duvessa.
Duvessa is lightly wounded.
Duvessa gestures with her weapon.
Dowan throws and catches a handful of magical flame, then smirks.
You closely miss Duvessa. Your kick misses Duvessa. You peck Duvessa.
Duvessa is lightly wounded.
You closely miss Dowan. Dowan hits you but does no damage.
Duvessa hits you with a +1 short sword of electrocution.
Dowan points at you and mumbles some strange words.
The puff of frost hits you. You resist.
Duvessa hits you with a +1 short sword of electrocution.
You hit Duvessa but do no damage. You claw Duvessa. Your peck misses Duvessa.
Duvessa is lightly wounded.
You slash Dowan! Duvessa hits you but does no damage. Dowan barely misses you.
You slash Dowan! You claw Dowan. Your peck misses Dowan.
Dowan is severely wounded.
You barely miss Duvessa. Duvessa hits you but does no damage.
You are electrocuted!!
You die...

##.....##########
######..........<.....
#...<....[..##########
#[###........>.#####...
#)###.#..........# #.#
###.##.######## #.#
#.##......... #.#
#.##..####### ..#
#...e@# ..# ####.e# ...
....# ....... #####..#
...# ##># #.#


You could see Duvessa and Dowan.

Vanquished Creatures
  A jelly (D:4)
  An orc priest (D:3)
  An iguana (D:2)
  4 adders
  2 dart slugs (D:1)
  7 orcs (D:3)
  6 ball pythons
  6 endoplasms (D:1)
  3 giant cockroaches (D:3)
  9 hobgoblins
  4 jackals (D:2)
  A quokka (D:2)
  9 bats
  A frilled lizard (D:3)
  2 goblins (D:3)
  10 kobolds
  4 rats
71 creatures vanquished.

Vanquished Creatures (others)
  2 fungi (D:1)
  4 toadstools (D:1)
6 creatures vanquished.

Grand Total: 77 creatures vanquished

Notes
Turn   | Place    | Note
-------+----------+-------------------------------------------
     0 | D:1      | qw the Tengu Warper began the quest for the Orb.
     0 | D:1      | Reached XP level 1. HP: 12/12 MP: 4/4
     0 | D:1      | 0 ||| qw: Version: 0.1-a-89-g26bdef1
     0 | D:1      | 0 ||| qw: Game counter: 2410
     0 | D:1      | 0 ||| qw: Always use a shield: true
     0 | D:1      | 0 ||| qw: God list: Okawaru
     0 | D:1      | 0 ||| qw: Allow faded altars: false
     0 | D:1      | 0 ||| qw: Do Orc after D:15 true
     0 | D:1      | 0 ||| qw: Do second Lair branch before Depths: true
     0 | D:1      | 0 ||| qw: Lair rune preference: random
     0 | D:1      | 0 ||| qw: Plans: Normal
     0 | D:1      | 0 ||| PLANNING D:1-11
     5 | D:1      | 5 ||| Stepping ~*~*~tactically~*~*~ (hiding).
   107 | D:1      | 107 ||| Stepping ~*~*~tactically~*~*~ (hiding).
   209 | D:1      | 209 ||| Stepping ~*~*~tactically~*~*~ (hiding).
   366 | D:1      | 366 ||| Stepping ~*~*~tactically~*~*~ (stealth).
   375 | D:1      | Reached skill level 3 in Axes
   375 | D:1      | Reached XP level 2. HP: 17/17 MP: 6/6
   430 | D:1      | 430 ||| Stepping ~*~*~tactically~*~*~ (stealth).
   440 | D:1      | HP: 4/17 [frozen (5)]
   732 | D:1      | 732 ||| Stepping ~*~*~tactically~*~*~ (hiding).
   919 | D:1      | 919 ||| Stepping ~*~*~tactically~*~*~ (stealth).
   920 | D:1      | 920 ||| Stepping ~*~*~tactically~*~*~ (stealth).
   951 | D:1      | 951 ||| DROPPING +0 club.
   987 | D:1      | Reached XP level 3. HP: 17/21 MP: 7/7
  1140 | D:1      | 1140 ||| Stepping ~*~*~tactically~*~*~ (stealth).
  1145 | D:1      | Reached skill level 4 in Axes
  1176 | D:1      | Found a faded altar of an unknown god.
  1379 | D:1      | 1379 ||| READING scroll labelled HYTUXI ZUZA.
  1380 | D:1      | 1380 ||| READING scroll labelled IDIBIY NEEFFUCA.
  1381 | D:1      | 1381 ||| READING scroll labelled GUIGUU POIDUASS.
  1386 | D:1      | 1386 ||| READING scroll labelled BAYLIT MOE.
  1387 | D:1      | 1387 ||| DROPPING scroll of blinking.
  1388 | D:1      | 1388 ||| Stepping randomly (stuck).
  1389 | D:1      | 1389 ||| Stepping ~*~*~tactically~*~*~ (cloud).
  1393 | D:1      | HP: 4/21 [poisoned by you (poison gas)]
  1397 | D:1      | HP: 1/21 [poisoned by you (poison gas)]
  1825 | D:2      | Found a sparkling altar of Nemelex Xobeh.
  1993 | D:2      | 1993 ||| FLEEEEING.
  1994 | D:2      | 1994 ||| FLEEEEING.
  2176 | D:2      | Reached XP level 4. HP: 13/26 MP: 8/8
  2354 | D:2      | Reached skill level 5 in Axes
  2660 | D:2      | 2660 ||| UPGRADING to +0 plate armour.
  2670 | D:2      | 2670 ||| DROPPING +0 leather armour.
  2671 | D:2      | 2671 ||| UPGRADING to amulet of guardian spirit.
  2676 | D:2      | 2676 ||| DROPPING ring of flight.
  2677 | D:2      | 2677 ||| READING scroll labelled ROISKA QERROIJAPA.
  2678 | D:2      | 2678 ||| READING scroll labelled LEISTR ZOLI.
  2783 | D:2      | 2783 ||| READING scroll labelled OBBAELL MIDI.
  2784 | D:2      | 2784 ||| DRINKING 2 murky orange potions.
  2785 | D:2      | 2785 ||| DRINKING 2 silvery potions.
  2785 | D:2      | Gained mutation: Your flesh is cold resistant. (rC+)
                  | [potion of mutation]
  2785 | D:2      | Gained mutation: Your flesh is heat resistant. (rF+)
                  | [potion of mutation]
  2786 | D:2      | 2786 ||| DROPPING potion of flight.
  2825 | D:3      | 2825 ||| Stepping ~*~*~tactically~*~*~ (stealth).
  2934 | D:3      | 2934 ||| DROPPING +0 whip.
  2997 | D:3      | 2997 ||| SWAPPING to +0 war axe.
  3020 | D:3      | 3020 ||| DROPPING +0 hand axe.
  3304 | D:3      | Gained mutation: Your magical nature lets you fly swiftly
                  | and evasively. [Tengu growth]
  3304 | D:3      | Reached XP level 5. HP: 27/30 MP: 9/9
  3342 | D:3      | 3342 ||| Stepping ~*~*~tactically~*~*~ (stealth).
  3343 | D:3      | 3343 ||| Stepping ~*~*~tactically~*~*~ (stealth).
  3344 | D:3      | 3344 ||| Stepping ~*~*~tactically~*~*~ (hiding).
  3437 | D:3      | 3437 ||| Stepping ~*~*~tactically~*~*~ (stealth).
  3666 | D:3      | 3666 ||| Stepping ~*~*~tactically~*~*~ (stealth).
  3667 | D:3      | 3667 ||| Stepping ~*~*~tactically~*~*~ (stealth).
  3668 | D:3      | 3668 ||| Stepping ~*~*~tactically~*~*~ (stealth).
  3672 | D:3      | 3672 ||| Stepping ~*~*~tactically~*~*~ (stealth).
  3708 | D:3      | 3708 ||| UPGRADING to ring of willpower.
  3709 | D:3      | 3709 ||| DROPPING ring of magical power.
  3710 | D:3      | 3710 ||| DRINKING 3 lumpy cyan potions.
  3764 | D:3      | 3764 ||| READING scroll of teleportation.
  3765 | D:3      | 3765 ||| STAIRDANCE
  3808 | D:4      | Reached skill level 6 in Axes
  3808 | D:4      | 3808 ||| STAIRDANCE
  3953 | D:4      | Noticed Duvessa
  3955 | D:4      | Noticed Dowan
  3962 | D:4      | Slain by Duvessa

Levels and vault maps discovered:
D:1:      ldierk_walled_garden_2, layout_loops_cross,
          shapermc_ecumenical_altar_mp_urbaneastern
D:2:      layout_rooms, basic_altar
D:3:      layout_rooms, kennysheep_generic_room_7
D:4:      layout_loops_ring, uniq_robin, uniq_duvessa

Skill      XL: |  1  2  3  4  5 |
---------------+----------------+-----
Axes           | 3 4 5 6 |  6.1
Armour         | 2 |  2.1
Fighting       | |  2.0
Throwing       | |  1.0
Dodging        | |  2.1
Spellcasting   | |  2.0
Translocations | |  2.4

Action                   |  1- 3 |  4- 6 || total
-------------------------+-------+-------++-------
Melee: Hand axe          |    94 |    27 ||   121
       Kick              |    18 |    22 ||    40
       Peck              |    13 |     8 ||    21
       War axe           |       |    59 ||    59
       Punch             |       |     2 ||     2
Throw: Boomerang         |     7 |       ||     7
  Use: Scroll            |     4 |     4 ||     8
       Potion            |       |     3 ||     3
Armor: Leather armour    |    24 |     2 ||    26
       Plate armour      |       |    51 ||    51
Dodge: Dodged            |    57 |    18 ||    75

Table legend:
 A = Non-vault XP
 B = Vault XP
 C = Vault XP percentage of total XP
 D = Non-vault monster count
 E = Vault monster count
 F = Vault count percentage of total count
                 A         B        C        D         E       F
            +---------+---------+-------+---------+---------+-------
      Total |     289 |       5 |   1.7 |      68 |       3 |   4.2
            +---------+---------+-------+---------+---------+-------
        D:1 |      50 |       0 |   0.0 |      28 |       0 |   0.0
        D:2 |      76 |       0 |   0.0 |      16 |       0 |   0.0
        D:3 |     121 |       5 |   4.0 |      23 |       3 |  11.5
        D:4 |      42 |       0 |   0.0 |       1 |       0 |   0.0
            +---------+---------+-------+---------+---------+-------
